 Dungeon Crawl Stone Soup version 0.29-a0-222-g5b244fca1f (webtiles) character file.

Game seed: 5436804781698585056

3904 tognito the Cleaver (level 10, -2/88 HPs)
             Began as a Minotaur Berserker on Feb 27, 2022.
             Was an Elder of Trog.
             Succumbed to a gnoll sergeant's poison
             ... on level 7 of the Dungeon.
             The game lasted 00:12:54 (8292 turns).

tognito the Cleaver (Minotaur Berserker)            Turns: 8292, Time: 00:12:55

Health: -2/88      AC: 14    Str: 27    XL:     10   Next: 0%
Magic:  9/9        EV: 10    Int:  4    God:    Trog [****..]
Gold:   324        SH:  0    Dex:  7    Spells: 9/9 levels left

rFire   . . .      SeeInvis .   a - +2 battleaxe (vorpal)
rCold   . . .      Faith    +   (shield currently unavailable)
rNeg    . . .      Spirit   .   y - +2 chain mail {Will+}
rPois   .          Reflect  .   (helmet restricted)
rElec   .          Harm     .   (no cloak)
rCorr   .          Rampage  .   t - +0 pair of gloves
Will    +++..                   (no boots)
Stlth   ..........              f - amulet of faith
HPRegen 1.24/turn               k - +4 ring of slaying
MPRegen 0.11/turn               (no ring)

@: lethally poisoned (-2 -> -33), strong-willed (expiring), on berserk cooldown,
regenerating (expiring), slowed, very slow
A: horns 2, retaliatory headbutt, beak, clumsy 1, no potion heal 1
a: Renounce Religion, Berserk, Trog's Hand, Brothers in Arms


You were on level 7 of the Dungeon.
You worshipped Trog.
Trog was greatly pleased with you.
You visited 1 branch of the dungeon, and saw 7 of its levels.
You also visited: Sewer and Ossuary.

You collected 324 gold pieces.

Inventory:

Hand Weapons
 a - a +2 vorpal battleaxe (weapon)
Missiles
 i - 20 poisoned darts (quivered)
 s - a throwing net
 D - 4 boomerangs
Armour
 t - a +0 pair of gloves (worn)
 y - a +2 chain mail of willpower (worn)
Jewellery
 f - an amulet of faith (around neck)
 k - a +4 ring of slaying (left hand)
 n - a ring of ice
Wands
 b - a wand of paralysis (11)
 q - a wand of acid (11)
 x - a wand of iceblast (17)
Scrolls
 c - 5 scrolls of teleportation
 d - 5 scrolls of identify
 g - a scroll of amnesia {unknown}
 h - a scroll of silence {unknown}
 j - a scroll of noise {unknown}
 l - 2 scrolls of fog
 m - 4 scrolls of magic mapping
 o - 3 scrolls of enchant weapon
 p - a scroll of fear {unknown}
 r - 2 scrolls of enchant armour
 u - a scroll of summoning {unknown}
 v - a scroll of immolation {unknown}
 w - a scroll of vulnerability {unknown}
 A - a scroll of blinking {unknown}
 B - a scroll of brand weapon {unknown}
Potions
 e - 2 potions of heal wounds
 C - 5 potions of flight
 E - 2 potions of haste


   Skills:
 + Level 7.9 Fighting
 * Level 10.8 Axes
 + Level 5.6 Throwing
 + Level 7.4 Armour
 + Level 6.6 Dodging


You had 9 spell levels left.
You didn't know any spells.
Your spell library was empty.

Dungeon Overview and Level Annotations

Branches:
Dungeon (7/15)             Temple (0/1) D:7           Sewer (visited)
Ossuary (visited)

Altars:
Hepliaklqana
Makhleb
Vehumet
Yredelemnul

Shops:
D:6 *

Annotations:
D:7 1 transporter


Innate Abilities, Weirdness & Mutations

You have a pair of horns on your head.
You reflexively headbutt those who attack you in melee.
You have a beak for a mouth.
You are clumsy. (Dex -2)
Potions are less effective at restoring your health.


Message History

Found a manual of Fighting.
You feel very sick.
Your ogre hits the gnoll sergeant with a +0 giant spiked club.
The gnoll sergeant hits your ogre with a +0 trident of venom!
Your ogre dies!
Your ogre's corpse disappears in a puff of smoke!
You feel sick.
You feel sick.
There are monsters nearby!
You feel sick.
You feel sick. The gnoll hits you but does no damage.
You are more poisoned.
The gnoll hits you with a +1 spear of venom.
You are more poisoned.
You slash the gnoll!
You kill the gnoll!
Trog accepts your kill.
You feel extremely sick.
The gnoll sergeant hits you from afar with a +0 trident of venom.
You are more poisoned.
The gnoll sergeant barely misses you.
You slash the gnoll!
The gnoll is severely wounded.
You feel the effects of Trog's Hand fading.
You feel extremely sick. The gnoll closely misses you.
The gnoll sergeant hits you but does no damage.
You are more poisoned.
The gnoll hits you but does no damage.
The gnoll sergeant hits you from afar with a +0 trident of venom!
* * * LOW HITPOINT WARNING * * *
You are lethally poisoned!
* * * LOW HITPOINT WARNING * * *
You feel extremely sick.
The gnoll sergeant hits you but does no damage.
You are more poisoned.
You barely miss the gnoll sergeant. The gnoll sergeant blocks your attack.
The gnoll sergeant is almost dead.
You hit the gnoll.
You die...

#.....###.##...# ##..........#
#.###..##.##.#.####...###.#####
..........................##
≈≈≈≈≈≈≈≈≈≈≈...≈≈≈≈≈≈≈≈≈≈≈..#
≈≈≈≈≈≈≈≈≈≈≈...≈≈≈≈≈≈≈≈≈≈≈..#
≈≈#####...........#####≈≈..#
≈≈#.#.#.###.©.###.#.#.#≈≈..#
≈≈#...###.#####.###...#≈≈..#
≈≈###..........g@g).###≈≈..#
≈≈.8#.##)###)######.#8.≈≈..#
≈≈.##.#...#§.8#...#.##.≈≈..#
≈≈.#..'../).©⌠#:..'..#.≈≈..#
≈≈.##.#...#..8#...#.##.≈≈..#
≈≈.8#.##'###'######.#8.≈≈..#
≈≈###..............W###≈≈..#
≈≈#...###.#####©###...#≈≈..#
≈≈#.#.#.###.©.###.#W#W#≈≈..#


You could see a gnoll sergeant and a gnoll.

Vanquished Creatures
  The ghost of remssi the Cleaver, a novice MiFi of Trog (D:7)
  Pikel (D:5)
  Sigmund (D:6)
  2 ice beasts (D:5)
  A sky beast (D:7)
  2 black bears
  3 ogres
  2 centaurs
  A phantom (D:6)
  A kobold brigand (D:6)
  The ghost of stickyfingers the Charlatan, an amateur DEAr (D:3)
  2 bullfrogs
  An elf zombie (Ossuary)
  A scorpion (D:7)
  2 gnoll sergeants (D:7)
  A centaur zombie (Ossuary)
  5 hounds
  A human zombie (Ossuary)
  3 jellies
  3 gnoll shamans
  An orc priest (D:6)
  Natasha (thrice) (D:2)
  4 iguanas
  An orc wizard (D:6)
  2 mummies (Ossuary)
  19 gnolls
  7 river rats
  15 adders
  2 ufetubi
  2 adder zombies (Ossuary)
  5 worms
  5 dart slugs
  5 orcs
  9 ball pythons
  7 endoplasms
  6 giant cockroaches
  6 goblins
  9 hobgoblins
  9 jackals
  11 kobolds
  6 quokkas
  17 bats
  5 frilled lizards
  10 hobgoblin zombies (Ossuary)
  2 jackal zombies (Ossuary)
  15 kobold zombies (Ossuary)
  5 orc zombies (Ossuary)
  6 rats
229 creatures vanquished.

Vanquished Creatures (collateral kills)
  A gnoll sergeant (D:7)
  A gnoll (D:7)
2 creatures vanquished.

Vanquished Creatures (others)
  7 plants
7 creatures vanquished.

Grand Total: 238 creatures vanquished

Notes
Turn   | Place    | Note
-------+----------+-------------------------------------------
     0 | D:1      | tognito the Minotaur Berserker began the quest for the Orb.
     0 | D:1      | Reached XP level 1. HP: 19/19 MP: 0/0
   156 | D:1      | Reached XP level 2. HP: 26/27 MP: 1/1
   235 | D:1      | Reached skill level 4 in Axes
   537 | D:1      | Reached XP level 3. HP: 24/33 MP: 2/2
   813 | D:1      | Reached skill level 1 in Throwing
   892 | D:2      | Noticed Natasha
   896 | D:2      | Killed Natasha
   896 | D:2      | Reached ** piety under Trog
   989 | D:2      | Reached XP level 4. HP: 40/40 MP: 3/3
  1528 | D:2      | Found a basalt altar of Yredelemnul.
  1968 | D:2      | Noticed Natasha
  1981 | D:2      | Killed Natasha
  1982 | D:2      | Reached XP level 5. HP: 21/47 MP: 4/4
  2205 | D:2      | Noticed Natasha
  2211 | D:2      | Killed Natasha
  2212 | D:2      | Reached skill level 5 in Axes
  2675 | D:3      | Found a runed translucent door.
  2676 | D:3      | Noticed stickyfingers's ghost (amateur DEAr)
  2715 | D:3      | Reached *** piety under Trog
  3324 | D:3      | Found a faded altar of an unknown god.
  3456 | D:3      | Killed stickyfingers's ghost
  3457 | D:3      | Reached XP level 6. HP: 53/53 MP: 5/5
  3466 | D:3      | Gained mutation: Potions are less effective at restoring
                  | your health. [potion of mutation]
  3466 | D:3      | Gained mutation: You have a beak for a mouth. [potion of
                  | mutation]
  3466 | D:3      | Gained mutation: You are clumsy. (Dex -2) [potion of
                  | mutation]
  3489 | D:4      | Found a sand-covered staircase.
  3506 | Ossuary  | Entered an ossuary
  3552 | Ossuary  | Reached **** piety under Trog
  4022 | Ossuary  | Reached skill level 6 in Axes
  4028 | Ossuary  | Reached skill level 5 in Fighting
  4195 | D:4      | Reached XP level 7. HP: 57/61 MP: 6/6
  4373 | D:4      | Found a transporter.
  4393 | D:4      | Found a transporter.
  5276 | D:5      | Entered Level 5 of the Dungeon
  5283 | D:5      | Reached skill level 7 in Axes
  5412 | D:5      | Reached skill level 5 in Armour
  5413 | D:5      | Reached XP level 8. HP: 70/70 MP: 7/7
  5725 | D:5      | Reached ***** piety under Trog
  5774 | D:5      | Reached skill level 8 in Axes
  5790 | D:5      | Noticed Pikel
  5799 | D:5      | Killed Pikel
  5800 | D:5      | Reached skill level 5 in Dodging
  5885 | D:5      | Found a glowing drain.
  5896 | Sewer    | Entered a sewer
  5987 | Sewer    | Received a gift from Trog
  5988 | Sewer    | Reached skill level 9 in Axes
  6216 | Sewer    | Reached XP level 9. HP: 75/78 MP: 8/8
  6902 | D:6      | Found Tiess's General Store.
  7251 | D:6      | Reached skill level 5 in Throwing
  7346 | D:6      | Noticed Sigmund
  7356 | D:6      | Killed Sigmund
  7427 | D:6      | Found a radiant altar of Vehumet.
  7427 | D:6      | Found a burning altar of Makhleb.
  7435 | D:6      | Found a hazy altar of Hepliaklqana.
  7437 | D:6      | Found a faded altar of an unknown god.
  7439 | D:6      | Found a faded altar of an unknown god.
  7537 | D:7      | Identified the +6 spear "Ferghuh" {vamp, *Corrode rPois
                  | rF+++ Will+}
  7537 | D:7      | Identified the +0 scale mail of Imauxime {rElec rCorr
                  | Dex+2}
  7537 | D:7      | Identified the +3 kite shield of Ethics {-Cast Harm Rampage
                  | rElec}
  7566 | D:7      | Found a staircase to the Ecumenical Temple.
  7584 | D:7      | Reached skill level 10 in Axes
  7676 | D:7      | Found a transporter.
  7723 | D:7      | Identified the ring "Zanecw" {AC+4 Str+6}
  7752 | D:7      | Noticed remssi's ghost (novice MiFi)
  7830 | D:7      | Found a transporter.
  8275 | D:7      | Killed remssi's ghost
  8276 | D:7      | Reached XP level 10. HP: 88/88 MP: 9/9
  8292 | D:7      | Succumbed to a gnoll sergeant's poison

Illustrated notes

Levels and vault maps discovered:
D:1:      minmay_arrival_checkered_box, layout_loops_ring
D:2:      layout_basic, basic_altar, minmay_misc_feat_doors, uniq_natasha
D:3:      layout_loops_cross, ebering_ghost_reflecting_pool,
          dreamdust_ecumenical_altar_hidden_monk_grotto,
          minmay_fractal_squares_5
D:4:      gammafunk_wand_slinger, layout_basic, nicolae_ossuary_entry_monument,
          glass_columns_c
D:5:      layout_rooms, portal_sewer_entry_b, uniq_pikel
D:6:      layout_rooms, chequers_temple_overflow_minitemple, serial_shops, shop,
          uniq_sigmund
D:7:      layout_loops_ring, temple_pool_b, gammafunk_ghost_gnarly_gnolls,
          minmay_misc_feat_chi, minivault_23

Skill      XL: |  1  2  3  4  5  6  7  8  9 |
---------------+----------------------------+-----
Axes           | 4 5 6 7 9 10 | 10.8
Fighting       | 4 5 6 7 |  7.9
Throwing       | 1 2 3 4 5 |  5.6
Armour         | 3 4 5 6 7 |  7.4
Dodging        | 3 4 5 6 |  6.6

Action                   |  1- 3 |  4- 6 |  7- 9 | 10-12 || total
-------------------------+-------+-------+-------+-------++-------
Melee: Hand axe          |    49 |   192 |    91 |       ||   332
       Headbutt          |     5 |    30 |    19 |       ||    54
       Peck              |       |    13 |    25 |       ||    38
       Punch             |       |     2 |       |       ||     2
       Battleaxe         |       |       |    87 |     4 ||    91
Throw: Dart              |       |       |    10 |       ||    10
Invok: Berserk           |       |     3 |     5 |       ||     8
       Trog's Hand       |       |       |     1 |       ||     1
       Brothers in Arms  |       |       |     1 |       ||     1
  Use: Potion            |     1 |     4 |     4 |       ||     9
       Scroll            |       |       |     5 |       ||     5
 Stab: Sleeping          |     2 |       |       |       ||     2
Armor: Animal skin       |     9 |    27 |       |       ||    36
       Scale mail        |       |     2 |    14 |       ||    16
       Chain mail        |       |       |    82 |     5 ||    87
Dodge: Dodged            |    39 |    95 |   139 |     2 ||   275

Table legend: (Time is in decaauts)
 A = Elapsed time spent in this place.
 B = Non-inter-level travel time spent in this place.
 C = Inter-level travel time spent in this place.
 D = Time resting spent in this place.
 E = Time spent auto-exploring this place.
 F = Levels seen in this place.
 G = Mean time per level.
                   A        B        C        D        E       F      G
               +--------+--------+--------+--------+--------+-----+--------+
         Total |   8581 |   8422 |    159 |      4 |   6994 |   9 |  953.4 |
       Dungeon |   6916 |   6757 |    159 |      4 |   5828 |   7 |  988.0 |
         Sewer |    999 |    999 |      0 |      0 |    662 |   1 |  999.0 |
       Ossuary |    666 |    666 |      0 |      0 |    503 |   1 |  666.0 |
               +--------+--------+--------+--------+--------+-----+--------+

Top non-repeatable levels by time:
     D:2: 1674 daAuts
     D:4: 1133 daAuts
   Sewer: 999 daAuts
     D:3: 965 daAuts
     D:1: 880 daAuts
     D:5: 814 daAuts
     D:7: 804 daAuts
 Ossuary: 666 daAuts
     D:6: 642 daAuts
